 Dungeon Crawl Stone Soup version 0.22.1-1-ga44c0e5 (webtiles) character file.

905 HaraKiri the Gusty (level 8, -4/55 HPs)
             Began as a Naga Air Elementalist on Oct 13, 2018.
             Was an Initiate of Hepliaklqana.
             Slain by a yak (9 damage)
             ... on level 4 of the Dungeon.
             The game lasted 00:34:29 (5692 turns).

HaraKiri the Gusty (Naga Air Elementalist)          Turns: 5692, Time: 00:34:30

Health: -4/55      AC:  9    Str: 12    XL:     8   Next: 8%
Magic:  6/14       EV:  8    Int: 17    God:    Hepliaklqana [......]
Gold:   198        SH:  0    Dex: 11    Spells: 9/15 levels left

rFire    . . .     SeeInvis +   e - +3 flail
rCold    . . .     Gourm    .   (no shield)
rNeg     . . .     Faith    .   s - +1 robe (curse)
rPois    +         Spirit   .   (no helmet)
rElec    .         Reflect  .   (no cloak)
rCorr    +         Harm     .   (no gloves)
MR       +....                  d - +1 naga barding
Stlth    ++........             (no amulet)
HPRegen  0.18/turn              p - ring of resist corrosion
MPRegen  0.14/turn              (no ring)

@: swift (expiring), slow
A: large, reduced essence, see invisible, deformed body, poison resistance,
slowness 2, slow metabolism 1, spit poison 1, AC +2
a: Spit Poison, Recall Ancestor, Ancestor Identity, Renounce Religion


You were on level 4 of the Dungeon.
You worshipped Hepliaklqana.
Hepliaklqana was noncommittal.
You were not hungry.

You visited 1 branch of the dungeon, and saw 5 of its levels.

You collected 198 gold pieces.

Inventory:

Hand Weapons
 e - a +3 flail (weapon)
 n - a +0 hunting sling
 y - a cursed -2 dagger
Missiles
 o - 116 stones (quivered)
Armour
 a - a +0 robe
 d - a +1 naga barding (worn)
 l - a +0 buckler
 s - a cursed +1 robe (worn)
Jewellery
 p - a ring of resist corrosion (left hand)
 r - an uncursed ring of fire
Wands
 w - a wand of acid (5)
Scrolls
 b - 4 scrolls of identify
 f - 2 scrolls of enchant armour
 g - 2 scrolls of magic mapping {unknown}
 i - 2 scrolls of fog {unknown}
 j - 2 scrolls of fear {unknown}
 k - 3 scrolls of remove curse
 m - 2 scrolls of enchant weapon {unknown}
 q - a scroll of noise {unknown}
 x - a scroll of teleportation {unknown}
Potions
 t - a potion of invisibility {unknown}
 u - a potion of cancellation {unknown}
 v - a potion of flight
Comestibles
 c - 10 rations
 z - 7 chunks of flesh


   Skills:
 + Level 2.7 Dodging
 - Level 3.0 Stealth
 + Level 4.3 Spellcasting
 + Level 4.1 Conjurations
 - Level 2.3 Charms
 + Level 6.1 Air Magic


You had 9 spell levels left.
You knew the following spells:

 Your Spells              Type           Power        Failure   Level  Hunger
a - Shock                 Conj/Air       ###.         1%          1    None
b - Static Discharge      Conj/Air       ###.....     5%          3    ###....
c - Swiftness             Chrm/Air       ###.....     4%          2    ##.....

Your spell library contained the following spells:

 Spells                   Type           Power        Failure   Level  Hunger
 Airstrike                Air            ###.......   12%         4    ####...
 Lightning Bolt           Conj/Air       ###.......   45%         5    ######.


Dungeon Overview and Level Annotations

Branches:
Dungeon (5/15)
 Temple: D:4-7

Altars:
Cheibriados
Hepliaklqana
Qazlal
Yredelemnul


Innate Abilities, Weirdness & Mutations

You cannot wear boots.
Your serpentine skin is tough. (AC +2)
You have supernaturally acute eyesight. (SInv)
Armour fits poorly on your strangely shaped body.
Your system is resistant to poisons. (rPois)
You cover ground very slowly.
You have a slow metabolism.
You can spit poison.
Your life essence is reduced to manifest your ancestor. (-10% HP)


Message History

* * * LOW HITPOINT WARNING * * *
Casting: Shock (safe; 1% risk of failure)
Confirm with . or Enter, or press ? or * to list all spells.
Aiming: Shock (safe; 1% risk of failure)
Press: ? - help, Shift-Dir - straight line The zap hits the yak.
The yak is heavily wounded.
The zap hits the yak.
The yak is heavily wounded.
The yak gores you but does no damage.
Casting: Shock (safe; 1% risk of failure)
Confirm with . or Enter, or press ? or * to list all spells.
Aiming: Shock (safe; 1% risk of failure)
Press: ? - help, Shift-Dir - straight line The zap hits the yak.
The yak is severely wounded.
The zap hits the yak.
The yak is almost dead.
The yak gores you!
You die...

#.#.###.#.# #.# #.######.####
#[#.#.....####.# #.# ##.## #
#.#.#.....R.##.# #.#####...###
###.#.#.....#.##.#
#............
<....).>......##.#
#######...###
###.#.#^....<###.###########.##
##.#.#.#.##.# #.##..........#
#..#.#.#.##.# #.##.##########
#.##.#.#.##.###@##.#
##.##........>.Y.##.#
##.####.#.##.######.#
..........##.# #.#
.#.##.....##.# #.#
..........##.######.#
.####.....##........# .#
#.....########### ## #######


You could see a yak.

Vanquished Creatures
  A phantom (D:4)
  2 ogres
  A crimson imp (D:4)
  An orc priest (D:5)
  An orc wizard (D:3)
  Natasha (D:1)
  2 iguanas (D:4)
  3 worker ants (D:4)
  Robin (D:2)
  8 adders
  An ooze (D:4)
  2 worms (D:4)
  3 dart slugs
  4 leopard geckos
  12 orcs
  4 giant cockroaches
  14 goblins
  8 hobgoblins
  3 jackals (D:1)
  14 kobolds
  A quokka (D:2)
  A ball python (D:4)
  A ball python skeleton (D:4)
  2 bats (D:2)
  6 frilled lizards
  4 rats
  A spectral orc (D:3)
102 creatures vanquished.

Vanquished Creatures (collateral kills)
  A necrophage (D:5)
  3 orc wizards (D:5)
  A worker ant (D:4)
  An adder (D:4)
  2 leopard geckos
  An orc (D:5)
9 creatures vanquished.

Vanquished Creatures (others)
  An ancestor (D:4)
1 creature vanquished.

Grand Total: 112 creatures vanquished

Notes
Turn   | Place    | Note
-------+----------+-------------------------------------------
     0 | D:1      | HaraKiri the Naga Air Elementalist began the quest for the
                  | Orb.
     0 | D:1      | Reached XP level 1. HP: 15/15 MP: 3/3
   401 | D:1      | Reached XP level 2. HP: 22/22 MP: 1/5
  1026 | D:2      | Noticed Natasha
  1037 | D:1      | Reached XP level 3. HP: 4/28 MP: 3/6
  1434 | D:1      | Killed Natasha
  1434 | D:1      | Reached skill level 4 in Air Magic
  1434 | D:1      | Reached XP level 4. HP: 6/36 MP: 0/7
  1679 | D:1      | Learned a level 3 spell: Static Discharge
  1747 | D:2      | Noticed Robin
  2385 | D:2      | Reached XP level 5. HP: 40/42 MP: 2/8
  2536 | D:2      | Killed Robin
  2731 | D:2      | Learned a level 2 spell: Swiftness
  3049 | D:3      | Reached skill level 1 in Charms
  3117 | D:3      | Found a snail-covered altar of Cheibriados.
  3438 | D:3      | Found a basalt altar of Yredelemnul.
  4026 | D:3      | Reached XP level 6. HP: 49/49 MP: 8/10
  4231 | D:4      | Reached skill level 5 in Air Magic
  4809 | D:4      | Reached XP level 7. HP: 55/55 MP: 9/12
  4927 | D:4      | Found a hazy altar of Hepliaklqana.
  4930 | D:4      | Became a worshipper of Hepliaklqana the Forgotten
  5268 | D:4      | Found a stormy altar of Qazlal.
  5374 | D:5      | Entered Level 5 of the Dungeon
  5610 | D:5      | Reached skill level 6 in Air Magic
  5610 | D:5      | Reached XP level 8. HP: 33/55 MP: 11/14
  5661 | D:5      | Noticed a yak
  5661 | D:5      | Noticed a yak
  5664 | D:5      | Noticed a yak
  5665 | D:5      | Noticed a yak
  5667 | D:5      | Noticed a yak
  5668 | D:5      | Noticed a yak
  5692 | D:4      | Slain by a yak

Skill      XL: |  1  2  3  4  5  6  7 |
---------------+----------------------+-----
Conjurations   | 2 3 4 |  4.1
Air Magic      | 4 5 6 |  6.1
Charms         | 1 2 |  2.3
Spellcasting   | 3 4 |  4.3
Dodging        | 2 |  2.7
Stealth        | |  3.0

Action                   |  1- 3 |  4- 6 |  7- 9 || total
-------------------------+-------+-------+-------++-------
Melee: Unarmed           |    17 |       |       ||    17
       Flail             |       |     4 |       ||     4
       Dagger            |       |     1 |       ||     1
 Cast: Shock             |    33 |   144 |    36 ||   213
       Swiftness         |       |       |     1 ||     1
 Abil: Spit Poison       |       |     1 |       ||     1
  Use: Potion            |     1 |     2 |       ||     3
       Scroll            |       |     3 |     1 ||     4
  Eat: Chunk             |     1 |     9 |     3 ||    13
Armor: Robe              |    35 |    48 |    17 ||   100
Dodge: Dodged            |    27 |    60 |     7 ||    94
